 Dungeon Crawl Stone Soup version 0.20-a0-823-gdec668e (webtiles) character file.

63 Keepo the Ducker (level 3, 0/17 HPs)
             Began as a Felid Fighter on Mar 5, 2017.
             Slain by Crazy Yiuf
             ... wielding a +4 quarterstaff of chaos
              (1 damage)
             ... on level 2 of the Dungeon.
             The game lasted 00:03:53 (2497 turns).

Keepo the Ducker (Felid Fighter)                    Turns: 2497, Time: 00:03:53

Health: 0/17       AC:  1    Str: 12    XL:     3   Next: 89%
Magic:  4/4        EV: 21    Int:  9    God:
Gold:   120        SH:  0    Dex: 16    Spells: 2/2 levels left
                                        Lives:  0   Deaths: 0

rFire    . . .     SeeInvis +     - Unarmed
rCold    . . .     Gourm    .   (armour unavailable)
rNeg     . . .     Faith    .   (shield unavailable)
rPois    .         Spirit   .   (helmet unavailable)
rElec    .         Reflect  .   (cloak unavailable)
rCorr    .         Harm     .   (gloves unavailable)
MR       .....                  (boots unavailable)
Stlth    ++........             (no amulet)
Regen    0.1/turn               (no ring)
MPRegen  0.1/turn               (no ring)

@: drained, quick
A: no armour, no weapons or thrown items, stealth, claws 1, fangs 3, see
invisible, carnivore 3, speed 1, shaggy fur 1, slow metabolism 1, sharp paws
a: no special abilities


You were on level 2 of the Dungeon.
You were completely stuffed.

You visited 1 branch of the dungeon, and saw 2 of its levels.

You collected 120 gold pieces.

Inventory:

Scrolls
 c - a scroll of random uselessness {unknown}
 e - a scroll of remove curse {unknown}
Potions
 a - a potion of might
 d - a potion of curing {unknown}
 f - a potion of flight {unknown}
 g - a potion of haste {unknown}
 h - a potion of heal wounds {unknown}
 i - 2 potions of mutation {unknown}
Comestibles
 b - 3 meat rations
 j - a chunk of flesh


   Skills:
 + Level 3.2(3.0) Fighting
 * Level 5.6(5.3) Dodging
 + Level 4.4(4.1) Unarmed Combat


You had 2 spell levels left.
You didn't know any spells.

Dungeon Overview and Level Annotations

Branches:
Dungeon (2/15)

Altars:

Annotations:
D:2 Crazy Yiuf


Innate Abilities, Weirdness & Mutations

You cannot wear armour.
You are incapable of wielding weapons or throwing items.
Your paws allow you to move quietly. (Stealth)
You have sharp claws.
You have razor-sharp teeth.
You have supernaturally acute eyesight. (SInv)
You are carnivorous and can eat meat at any time.
You cover ground quickly.
You are covered in fur. (AC +1)
You have a slow metabolism.
Your sharp claws are effective at attacking unaware monsters.


Message History

Found a mace.
There is an open door here.
You claw Crazy Yiuf!
Crazy Yiuf is moderately wounded.
Crazy Yiuf completely misses you.
You scratch Crazy Yiuf. Your claw misses Crazy Yiuf.
Crazy Yiuf is heavily wounded.
Crazy Yiuf closely misses you.
You scratch Crazy Yiuf but do no damage.
Crazy Yiuf is heavily wounded.
Crazy Yiuf hits you with a quarterstaff of chaos!
Ouch! That really hurt!
Crazy Yiuf freezes you.
* * * LOW HITPOINT WARNING * * *
There is an open door here.
Crazy Yiuf sings, "Trees, trees, trees, circus!"
Crazy Yiuf hits you with a quarterstaff of chaos.
* * * LOW HITPOINT WARNING * * *
You feel drained.
You die...

##### ##.... #..[..
#..... ###♣♣♣♣♣
#.....
##....♣g♣♣♣#####
#.....
##.....@♣.g♣#...#
#.....
#......♣♣♣♣.'...#
#..... #.....♣♣
♣♣#..)# #.....
#.###♣♣ ##### ##....
#.# ##### #.# #.# #.#
#.###################


You could see Crazy Yiuf.

Vanquished Creatures
  2 adders (D:2)
  An ooze (D:2)
  2 worms (D:2)
  2 dart slugs (D:1)
  3 bats
  4 goblins
  7 hobgoblins
  A jackal (D:1)
  A quokka (D:2)
  3 frilled lizards (D:2)
  3 kobolds
  3 rats
  A bush (D:1)
  A plant (D:1)
34 creatures vanquished.

Notes
Turn   | Place    | Note
-------+----------+-------------------------------------------
     0 | D:1      | Keepo the Felid Fighter began the quest for the Orb.
     0 | D:1      | Reached XP level 1. HP: 10/10 MP: 2/2
   174 | D:1      | Reached XP level 2. HP: 14/14 MP: 3/3
  1240 | D:2      | Reached skill level 5 in Dodging
  1589 | D:2      | Reached XP level 3. HP: 14/17 MP: 4/4
  2025 | D:2      | Found a runed door.
  2482 | D:2      | Noticed Crazy Yiuf
  2497 | D:2      | Slain by Crazy Yiuf

Vault maps used:
D:1:      saegor_arrival_simple_b, serial_forest, infiniplex_forest_straight_2,
          infiniplex_forest_straight_2, infiniplex_forest_fountain,
          infiniplex_forest_clump_long, infiniplex_forest_side_room,
          infiniplex_forest_end_1, infiniplex_forest_corner_1,
          infiniplex_forest_clump_curved, infiniplex_forest_zigzag_1,
          st_stairs_13
D:2:      first_bread, uniq_crazy_yiuf_cottage

Skill      XL: |  1  2 |
---------------+-------+-----
Dodging        | 5 |  5.6
Fighting       | |  3.2
Unarmed Combat | |  4.4

Action                   || total
-------------------------++-------
Melee: Unarmed           ||   236
       Bite              ||    39
       Punch             ||     3
  Use: Scroll            ||     1
 Stab: Sleeping          ||     7
       Distracted        ||     1
  Eat: Chunk             ||    11
Armor: Skin              ||     2
Dodge: Dodged            ||    61
